 Dungeon Crawl Stone Soup version 0.22.0-6-g71bd7aa (webtiles) character file.

11179 Lauz the Fencer (level 11, 0/148 HPs)
             Began as a Minotaur Berserker on Aug 14, 2018.
             Was a High Priest of Trog.
             Slain by a titanic slime creature (61 damage)
             ... on level 12 of the Dungeon.
             The game lasted 00:40:10 (11126 turns).

Lauz the Fencer (Minotaur Berserker)               Turns: 11126, Time: 00:40:11

Health: 0/148      AC: 20    Str: 32    XL:     11   Next: 45%
Magic:  10/10      EV: 11    Int:  4    God:    Trog [*****.]
Gold:   434        SH:  0    Dex: 16    Spells: 10/10 levels left

rFire    . . .     SeeInvis .   U - +0 great sword
rCold    . . .     Gourm    .   (shield currently unavailable)
rNeg     + . .     Faith    .   K - +1 plate armour {rN+}
rPois    .         Spirit   .   (helmet restricted)
rElec    .         Reflect  .   n - +0 cloak
rCorr    .         Harm     .   G - +0 pair of gloves
MR       .....                  u - +0 pair of boots
Stlth    ..........             z - amulet of the acrobat
HPRegen  0.34/turn              e - ring of flight
MPRegen  0.12/turn              O - ring of Ycagod {Str+2 Dex+6}

@: berserking, very quick
A: retaliatory headbutt, horns 2
a: Berserk, Trog's Hand, Brothers in Arms, Renounce Religion, Evoke Flight


You were on level 12 of the Dungeon.
You worshipped Trog.
Trog was extremely pleased with you.
You were hungry.

You visited 1 branch of the dungeon, and saw 12 of its levels.

You collected 840 gold pieces.
You spent 406 gold pieces at shops.

Inventory:

Hand Weapons
 a - a +0 falchion
 j - a +2 quarterstaff of chaos
 J - a +0 scimitar
 N - a +1 rapier of electrocution
 U - a +0 great sword (weapon)
Armour
 i - a +0 ring mail
 n - a +0 cloak (worn)
 s - a +0 plate armour
 u - a +0 pair of boots (worn)
 x - a +0 chain mail
 G - a +0 pair of gloves (worn)
 K - a +1 plate armour of positive energy (worn)
Jewellery
 e - a ring of flight (left hand)
 t - an uncursed amulet of harm
 w - an uncursed amulet of harm
 z - an amulet of the acrobat (around neck)
 D - an uncursed amulet of guardian spirit
 L - a +3 ring of intelligence
 O - the ring of Ycagod (right hand) {Str+2 Dex+6}
   (You bought it in a shop on level 10 of the Dungeon)

   [ring of strength]

   It affects your strength (+2).
   It affects your dexterity (+6).
 P - a +3 ring of slaying {unknown}
 T - an uncursed amulet of faith {unknown}
Wands
 h - a wand of disintegration (5)
 v - a wand of polymorph (11)
 A - a wand of digging (11)
 C - a wand of clouds (10)
 H - a wand of random effects (15)
 Q - a wand of enslavement (13)
 S - a wand of flame (40)
Scrolls
 d - 6 scrolls of identify
 f - 7 scrolls of teleportation
 g - 2 scrolls of fog {unknown}
 l - 3 scrolls of amnesia {unknown}
 q - 3 scrolls of remove curse
 y - a scroll of enchant armour {unknown}
 M - a scroll of enchant weapon {unknown}
Potions
 b - 4 potions of haste {unknown}
 k - 2 potions of agility {unknown}
 m - a potion of mutation {unknown}
 o - a potion of brilliance {unknown}
 p - a potion of resistance {unknown}
 r - a potion of lignification
 B - 3 potions of heal wounds
 E - a potion of ambrosia {unknown}
 F - 2 potions of might
 I - a potion of invisibility {unknown}
Comestibles
 c - 20 rations
 R - 3 chunks of flesh


   Skills:
 + Level 10.1 Fighting
 * Level 15.9 Long Blades
 + Level 10.2 Armour
 - Level 4.0 Dodging
 + Level 0.4 Evocations


You had 10 spell levels left.
You didn't know any spells.
Your spell library was empty.

Dungeon Overview and Level Annotations

Branches:
Dungeon (12/15)            Temple (0/1) D:6            Lair (0/6) D:9
    Orc (0/2) D:11

Altars:
Ashenzari
Dithmenos
Trog
Uskayaw
Vehumet
Wu Jian
Xom
Yredelemnul
The Shining One

Shops:
D:9 !}%   D:10 =*%   D:11 %!%


Innate Abilities, Weirdness & Mutations

You reflexively headbutt those who attack you in melee.
You have a pair of horns on your head.


Message History

Two slime creatures merge to form a titanic slime creature.
You slash the titanic slime creature!
You headbutt the titanic slime creature.
The titanic slime creature is moderately wounded.
You completely miss the titanic slime creature.
The titanic slime creature is moderately wounded.
You slice the titanic slime creature!!
The titanic slime creature is moderately wounded.
You slash the titanic slime creature!
You headbutt the titanic slime creature!!
The titanic slime creature is heavily wounded.
You slice the titanic slime creature!!
The titanic slime creature is severely wounded.
The titanic slime creature hits you!
You carve the titanic slime creature like a ham!!!
The titanic slime creature is severely wounded.
You slice the titanic slime creature!!
The titanic slime creature is severely wounded.
The titanic slime creature hits you!!!
You die...

# #.# ########+##
.... #...<.....#
..... #....:....#
.....W####.........#
.....JJ@.#.........#
......##.'.........#
..... ###.........#
.... #.........# ...
#####'##### ## #.#
#.# ###'### #.....#


You could see a titanic slime creature, a slime creature and a phantom.

Vanquished Creatures
  Harold (D:8)
  3 two-headed ogres
  The ghost of Tovarisch the Grappler, a novice TrMo (D:6)
  Pikel (D:4)
  Joseph (D:7)
  2 centaur skeletons
  Prince Ribbit (D:7)
  2 hippogriffs (D:12)
  A wyvern (D:8)
  8 yaks
  A water moccasin (D:7)
  5 orc warriors
  3 sky beasts
  A slave (D:4)
  2 black bears
  2 phantoms (D:10)
  8 ogres
  4 centaurs
  2 big kobolds
  Blork the orc (D:4)
  10 bullfrogs
  3 scorpions
  4 howler monkeys
  14 crimson imps
  A quasit (D:10)
  4 bullfrog zombies
  4 jellies
  Crazy Yiuf (D:2)
  7 orc wizards
  6 orc priests
  2 bullfrog skeletons
  3 hounds
  5 worker ants
  A killer bee zombie (D:7)
  A hound zombie (D:9)
  A hound skeleton (D:6)
  A howler monkey zombie (D:8)
  A river rat (D:6)
  5 adders
  4 shadow imps
  A white imp (D:9)
  2 oozes
  An adder zombie (D:9)
  An adder skeleton (D:6)
  2 dart slugs
  6 leopard geckos
  46 orcs
  7 bats
  9 giant cockroaches
  11 hobgoblins
  15 kobolds
  2 quokkas
  5 frilled lizards
  8 goblins
  A leopard gecko skeleton (D:7)
  A leopard gecko zombie (D:8)
  A quokka skeleton (D:6)
  7 rats
254 creatures vanquished.

Vanquished Creatures (others)
  An ogre (D:5)
  An adder (D:4)
  An adder skeleton (D:4)
  An orc (D:5)
  A quokka (D:4)
  A fungus (D:9)
  2 plants (D:9)
8 creatures vanquished.

Grand Total: 262 creatures vanquished

Notes
Turn   | Place    | Note
-------+----------+-------------------------------------------
     0 | D:1      | Lauz the Minotaur Berserker began the quest for the Orb.
     0 | D:1      | Reached XP level 1. HP: 19/19 MP: 0/0
   500 | D:1      | Reached skill level 4 in Long Blades
   529 | D:2      | Reached XP level 2. HP: 25/27 MP: 1/1
   687 | D:2      | Reached XP level 3. HP: 15/33 MP: 2/2
  1685 | D:2      | Found a runed door.
  1745 | D:2      | Noticed Crazy Yiuf
  1752 | D:2      | Killed Crazy Yiuf
  1752 | D:2      | Reached ** piety under Trog
  1752 | D:2      | Reached skill level 5 in Long Blades
  1752 | D:2      | Reached XP level 4. HP: 36/41 MP: 3/3
  2039 | D:3      | Found a shadowy altar of Dithmenos.
  2072 | D:3      | Found a bloodstained altar of Trog.
  2101 | D:3      | Found a radiant altar of Vehumet.
  2542 | D:4      | Noticed an ogre
  2552 | D:4      | Killed an ogre
  2552 | D:4      | Reached skill level 6 in Long Blades
  2552 | D:4      | Reached XP level 5. HP: 37/47 MP: 4/4
  2595 | D:4      | Reached skill level 5 in Fighting
  2612 | D:4      | Noticed Blork the orc
  2668 | D:4      | Killed Blork the orc
  2668 | D:4      | Reached XP level 6. HP: 35/56 MP: 5/5
  2879 | D:4      | Noticed a slave
  2880 | D:4      | Noticed Pikel
  2881 | D:4      | Noticed a slave
  2882 | D:4      | Noticed a slave
  2884 | D:4      | Noticed a slave
  2902 | D:4      | Killed a slave
  2904 | D:4      | HP: 2/84 [Pikel/whip of flaming (4)]
  2938 | D:4      | Killed Pikel
  2938 | D:4      | Reached skill level 8 in Long Blades
  2938 | D:4      | Reached XP level 7. HP: 14/62 MP: 6/6
  3540 | D:5      | Entered Level 5 of the Dungeon
  3540 | D:5      | Found an ornate altar of the Wu Jian Council.
  3652 | D:5      | Reached skill level 9 in Long Blades
  3723 | D:5      | Found a shimmering altar of Xom.
  3730 | D:5      | Reached XP level 8. HP: 57/70 MP: 7/7
  4224 | D:6      | Found a staircase to the Ecumenical Temple.
  4415 | D:6      | Reached *** piety under Trog
  4421 | D:6      | Reached skill level 10 in Long Blades
  4490 | D:6      | Found a runed door.
  4490 | D:6      | Noticed Tovarisch's ghost (novice TrMo)
  4511 | D:6      | Reached skill level 5 in Armour
  4520 | D:6      | Killed Tovarisch's ghost
  4520 | D:6      | Reached skill level 11 in Long Blades
  4524 | D:6      | Reached XP level 9. HP: 76/78 MP: 8/8
  4631 | D:6      | Found a runed door.
  5121 | D:6      | Found a hide-covered altar of Uskayaw.
  5236 | D:6      | Found a bloodstained altar of Trog.
  5504 | D:7      | Noticed Joseph
  5523 | D:7      | Killed Joseph
  5818 | D:7      | Noticed Prince Ribbit
  5834 | D:7      | Killed Prince Ribbit
  5834 | D:7      | Reached skill level 12 in Long Blades
  6121 | D:7      | Reached **** piety under Trog
  6738 | D:7      | Found a glowing golden altar of the Shining One.
  6972 | D:8      | Found a basalt altar of Yredelemnul.
  6973 | D:8      | Noticed Harold
  6999 | D:8      | Killed Harold
  6999 | D:8      | Reached skill level 13 in Long Blades
  6999 | D:8      | Reached XP level 10. HP: 58/88 MP: 9/9
  7301 | D:8      | Noticed a two-headed ogre
  7309 | D:8      | Killed a two-headed ogre
  7856 | D:8      | Found a glowing golden altar of the Shining One.
  7898 | D:9      | Found Xeotzafe's Gadget Emporium.
  7909 | D:9      | Reached skill level 14 in Long Blades
  8033 | D:9      | Found Jeiribak's Food Emporium.
  8068 | D:9      | Found Niuriafo's Distillery.
  8225 | D:9      | Found a staircase to the Lair.
  8491 | D:9      | Found a shattered altar of Ashenzari.
  8836 | D:10     | Entered Level 10 of the Dungeon
  8866 | D:10     | Reached ***** piety under Trog
  8943 | D:10     | Noticed a two-headed ogre
  8950 | D:10     | Killed a two-headed ogre
  8950 | D:10     | Reached skill level 15 in Long Blades
  9253 | D:10     | Found Lesen's General Store.
  9306 | D:10     | Reached XP level 11. HP: 97/97 MP: 10/10
  9357 | D:10     | Found Dohonta's Jewellery Shoppe.
  9365 | D:10     | Bought the ring of Ycagod {Str+2 Dex+6} for 406 gold pieces
  9396 | D:10     | Found Fiseniem's Food Boutique.
  9865 | D:11     | Found Optops's Distillery.
 10082 | D:11     | Found Ytyifaf's Food Boutique.
 10177 | D:11     | Found a staircase to the Orcish Mines.
 10464 | D:11     | Found Fuefet's Food Emporium.
 10518 | D:11     | Noticed a two-headed ogre
 10535 | D:11     | Killed a two-headed ogre
 10535 | D:11     | Reached skill level 10 in Armour
 10565 | D:11     | Reached skill level 10 in Fighting
 11126 | D:12     | Slain by a titanic slime creature

Skill      XL: |  1  2  3  4  5  6  7  8  9 10 11 |
---------------+----------------------------------+-----
Long Blades    | 4 5 6 8 9 11 13 15 | 15.9
Fighting       | 4 5 6 7 9 10 | 10.1
Dodging        | 3 4 |  4.0
Armour         | 3 4 6 7 9 10 | 10.2
Evocations     | |  0.4

Action                   |  1- 3 |  4- 6 |  7- 9 | 10-12 || total
-------------------------+-------+-------+-------+-------++-------
Melee: Falchion          |    77 |    99 |   293 |    15 ||   484
       Headbutt          |    10 |    13 |    72 |    85 ||   180
       Scimitar          |       |       |       |   320 ||   320
       Great sword       |       |       |       |    11 ||    11
Invok: Berserk           |     2 |     1 |     3 |     4 ||    10
Evoke: Wand              |       |       |       |     3 ||     3
  Use: Potion            |       |     2 |       |       ||     2
       Scroll            |       |       |     8 |     1 ||     9
  Eat: Chunk             |     3 |     5 |    11 |    18 ||    37
       Ration            |       |       |     1 |       ||     1
Armor: Animal skin       |     7 |       |       |       ||     7
       Ring mail         |    24 |    16 |    75 |       ||   115
       Skin              |       |    19 |       |       ||    19
       Plate armour      |       |       |    18 |   143 ||   161
Dodge: Dodged            |    53 |    55 |   126 |   151 ||   385
       Rpst.: Falchion   |    17 |    20 |    30 |       ||    67
       Scimitar          |       |       |       |    35 ||    35
